 Dungeon Crawl Stone Soup version 0.30-a0-137-gd8773701ce (webtiles) character file.

Game seed: 18321081262469626399

2535 porpoise the Spear-Bearer (level 9, -8/72 HPs)
             Began as a Demonspawn Gladiator on Sept 23, 2022.
             Was a Follower of Fedhas.
             Killed from afar by Maggie (36 damage)
             ... with a bolt of fire
             ... on level 7 of the Dungeon.
             The game lasted 00:29:10 (10051 turns).

porpoise the Spear-Bearer (Demonspawn Gladiator)   Turns: 10051, Time: 00:29:12

Health: -8/72      AC:  8    Str: 24    XL:     9   Next: 30%
Magic:  9/9        EV: 12    Int: 10    God:    Fedhas [*.....]
Gold:   25         SH:  0    Dex: 15    Spells: 6/8 levels left

rFire   . . .      SeeInvis .    a - +0 trident
rCold   . . .      Faith    .    (no shield)
rNeg    . . .      Spirit   .    u - +0 ring mail
rPois   .          Reflect  .    c - +0 helmet
rElec   .          Harm     .    (no cloak)
rCorr   .          Rampage  .    (no gloves)
Will    .....                    J - +0 pair of boots
Stlth   +.........               (no amulet)
HPRegen 0.22/turn                n - +6 ring of strength
MPRegen 0.11/turn                (no ring)

@: mighty, weak-willed
A: sharp scales 1, demonic magic 2, weakness stinger 2
a: Renounce Religion


You were on level 7 of the Dungeon.
You worshipped Fedhas.
Fedhas was aware of your devotion.
You visited 2 branches of the dungeon, and saw 8 of its levels.
You also visited: Sewer.

You collected 260 gold pieces.
You spent 235 gold pieces at shops.

Inventory:

Hand Weapons
 a - a +0 trident (weapon)
 b - a +0 shortbow
 E - the +6 falchion of Psychosis {drain, Contam +Blink rF+ rN+}
   (You found it on level 4 of the Dungeon)

   A truly terrible weapon, it drains the life of any living foe it strikes.
   rF:        It protects you from fire.
   rN:        It protects you from negative energy.
   +Blink:    It lets you blink.
   Contam:    It causes magical contamination when unequipped.
Missiles
 d - 3 throwing nets
 e - a javelin
 r - 8 poisoned darts (quivered)
 B - 11 boomerangs
Armour
 c - a +0 helmet (worn)
 u - a +0 ring mail (worn)
 J - a +0 pair of boots (worn)
Jewellery
 n - a +6 ring of strength (left hand)
Wands
 j - a wand of digging (8)
 y - a wand of mindburst (6)
 D - a wand of iceblast (1)
 H - a wand of charming (13)
 M - a wand of flame (16)
Scrolls
 k - 4 scrolls of teleportation
 l - a scroll of magic mapping
 p - a scroll of poison
 t - a scroll of enchant armour {unknown}
 C - a scroll of enchant weapon {unknown}
 F - a scroll of noise
 I - a scroll of vulnerability
 L - a scroll of amnesia
 O - a scroll of blinking
Potions
 f - 2 potions of invisibility
 h - 3 potions of lignification
 i - 5 potions of curing
 m - 2 potions of attraction
 o - 2 potions of mutation
 q - 2 potions of magic
 s - a potion of might
 v - 2 potions of brilliance
 w - a potion of resistance {unknown}
 x - a potion of degeneration {unknown}
 z - a potion of ambrosia {unknown}
 A - 4 potions of haste
 G - a potion of berserk rage {unknown}
 N - 4 potions of flight


   Skills:
 - Level 7.0 Fighting
 * Level 9.9 Polearms
 - Level 1.7 Throwing
 + Level 2.1 Armour
 - Level 2.6 Dodging


You had 6 spell levels left.
You knew the following spells:

 Your Spells              Type           Power      Damage    Failure   Level
w - Wereblood             Tmut           0%         N/A       65%         2

Your spell library contained the following spells:

 Spells                   Type           Power      Damage    Failure   Level
 Beastly Appendage        Tmut           0%         N/A       52%         1
 Freeze                   Ice            0%         1d3       52%         1
 Magic Dart               Conj           0%         1d3       52%         1
 Searing Ray              Conj           0%         2d4       65%         2
 Frozen Ramparts          Ice            0%         1d1       87%         3
 Inner Flame              Hex/Fire       0%         N/A       87%         3
 Kindle Blastsparks       Fire/Tloc/Air  0%         2d10      87%         3
 Spider Form              Tmut/Pois      0%         N/A       87%         3
 Cause Fear               Hex            0%         N/A       99%         4
 Fulminant Prism          Conj/Hex       0%         3d6       99%         4
 Hailstorm                Conj/Ice       0%         3d3       99%         4
 Iskenderun's Mystic Bla  Conj/Tloc      0%         2d3       99%         4
 Lee's Rapid Deconstruct  Erth           0%         3d5*      100%        5
 Discord                  Hex            0%         N/A       100%        8


Dungeon Overview and Level Annotations

Branches:
Dungeon (7/15)             Temple (1/1) D:6           Sewer (visited)

Altars:
Ashenzari
Cheibriados
Dithmenos
Fedhas
Gozag
Hepliaklqana
Kikubaaqudgha
Makhleb
Okawaru
Qazlal
Sif Muna
Trog
Uskayaw
Xom

Shops:
D:2 !   D:4 *   D:7 ?

Annotations:
D:3 exclusion: door
D:7 Maggie


Innate Abilities, Weirdness & Mutations

You are partially covered in razor-sharp scales. (AC +1, Slay +1)
Spells you cast may paralyse nearby enemies.
You have a tail ending in a sharp stinger.


Message History

You hit Maggie. You tail-slap Maggie!
Maggie is lightly wounded.
Maggie hits you with a +2 war axe of freezing.
Maggie freezes you.
You barely miss Maggie.
Maggie is lightly wounded.
Maggie hits you with a +2 war axe of freezing.
Maggie freezes you.
* * * LOW HITPOINT WARNING * * *
You barely miss Maggie.
Maggie is lightly wounded.
You puncture Maggie!
Maggie is moderately wounded.
Maggie hits you with a +2 war axe of freezing!
* * * LOW HITPOINT WARNING * * *
Maggie freezes you.
* * * LOW HITPOINT WARNING * * *
You feel much better.
Maggie hits you with a +2 war axe of freezing!
Maggie freezes you.
* * * LOW HITPOINT WARNING * * *
You puncture Maggie! You tail-slap Maggie!
Maggie is severely wounded.
Maggie hits you with a +2 war axe of freezing.
* * * LOW HITPOINT WARNING * * *
Maggie freezes you.
* * * LOW HITPOINT WARNING * * *
You feel much better. Maggie barely misses you.
You closely miss Maggie.
Maggie is severely wounded.
You break out of your daze.
Maggie hits you with a +2 war axe of freezing!
Maggie freezes you.
You puncture Maggie!
Maggie is almost dead.
Maggie casts a spell at you. The bolt of fire hits you!!!
Ouch! That really hurt!
You die...
Fedhas appreciates your contribution to the ecosystem.

###### ####### #....#
....... #....#
.......#########....#
.......@@......'....#
.......#########...∩#
....... ###..# #.
....... ##.# #.
....... #.# #.
....... #.## #)
+###### ######..###.
.............
..########.##


You could see Maggie.

Vanquished Creatures
  2 water moccasins
  Pargi (Sewer)
  2 orc warriors (D:5)
  A sky beast (D:6)
  3 black bears
  An ogre (D:4)
  3 centaurs (D:6)
  A kobold brigand (D:7)
  4 scorpions
  A wight (D:6)
  A crimson imp (D:5)
  6 hounds
  2 jellies (D:5)
  4 orc priests
  2 iguanas
  Jessica (D:3)
  Natasha (twice) (D:2)
  7 orc wizards
  13 adders
  2 shadow imps (D:6)
  2 ufetubi
  2 worms
  2 dart slugs
  24 orcs
  8 ball pythons
  7 endoplasms
  4 giant cockroaches
  9 goblins
  7 hobgoblins
  11 jackals
  9 kobolds
  4 quokkas
  5 bats
  4 frilled lizards
  7 rats
164 creatures vanquished.

Vanquished Creatures (others)
  An orc wizard (D:3)
1 creature vanquished.

Grand Total: 165 creatures vanquished

Notes
Turn   | Place    | Note
-------+----------+-------------------------------------------
     0 | D:1      | porpoise the Demonspawn Gladiator began the quest for the
                  | Orb.
     0 | D:1      | Reached XP level 1. HP: 16/16 MP: 1/1
   219 | D:1      | Reached skill level 3 in Polearms
   433 | D:1      | Gained mutation: Spells you cast may paralyse adjacent
                  | enemies. [demonic ancestry]
   433 | D:1      | Reached XP level 2. HP: 22/22 MP: 2/2
   671 | D:1      | Found a faded altar of an unknown god.
   937 | D:2      | Noticed Natasha
   947 | D:2      | Killed Natasha
   948 | D:2      | Gained mutation: You have a small tail. [demonic ancestry]
   948 | D:2      | Reached XP level 3. HP: 28/28 MP: 3/3
  1167 | D:2      | Noticed Natasha
  1174 | D:2      | Killed Natasha
  1175 | D:2      | Reached skill level 4 in Polearms
  1175 | D:2      | Gained mutation: You have a tail ending in a sharp stinger.
                  | [demonic ancestry]
  1175 | D:2      | Reached XP level 4. HP: 21/35 MP: 4/4
  1398 | D:2      | Found Werita's Distillery.
  1401 | D:2      | Bought a potion of curing for 33 gold pieces
  1510 | D:2      | Found an ancient bone altar of Kikubaaqudgha.
  2277 | D:3      | Noticed Jessica
  2291 | D:3      | Killed Jessica
  2402 | D:3      | Learned a level 2 spell: Wereblood
  2441 | D:3      | Found a shimmering blue altar of Sif Muna.
  2457 | D:3      | Reached XP level 5. HP: 20/41 MP: 5/5
  3606 | D:3      | Found a broken altar of Ashenzari.
  3606 | D:3      | Found an opulent altar of Gozag.
  4145 | D:4      | Reached skill level 5 in Polearms
  4340 | D:3      | Gained mutation: You are partially covered in razor-sharp
                  | scales. (AC +1, Slay +1) [demonic ancestry]
  4340 | D:3      | Reached XP level 6. HP: 10/48 MP: 6/6
  4915 | D:4      | Found Hiush's Fire Supplies.
  4952 | D:4      | Identified the +6 falchion of Psychosis {drain, Contam
                  | +Blink rF+ rN+}
  4997 | D:4      | Reached skill level 6 in Polearms
  5366 | D:5      | Entered Level 5 of the Dungeon
  5674 | D:5      | Reached XP level 7. HP: 47/55 MP: 7/7
  5788 | D:5      | Reached skill level 5 in Fighting
  5982 | D:5      | Reached skill level 7 in Polearms
  6843 | D:5      | Gained mutation: Spells you cast may paralyse nearby
                  | enemies. [demonic ancestry]
  6843 | D:5      | Reached XP level 8. HP: 37/63 MP: 8/8
  7041 | D:5      | Found a burning altar of Makhleb.
  7164 | D:6      | Found a shadowy altar of Dithmenos.
  7183 | D:6      | Found a staircase to the Ecumenical Temple.
  7198 | Temple   | Entered the Ecumenical Temple
  7402 | Temple   | Became a worshipper of Fedhas Madash
  7443 | D:6      | Reached skill level 8 in Polearms
  7510 | D:6      | Found a glowing drain.
  7514 | Sewer    | Entered a sewer
  7561 | Sewer    | Noticed Pargi
  7575 | Sewer    | Killed Pargi
  7941 | D:6      | Found a bloodstained altar of Trog.
  8824 | D:5      | Reached skill level 9 in Polearms
  8929 | D:6      | Reached * piety under Fedhas
  9154 | D:6      | Reached XP level 9. HP: 69/72 MP: 9/9
  9452 | D:6      | Reached skill level 1 in Armour
  9998 | D:7      | Found Ytubei Yfeck's Magic Scroll Shoppe.
 10005 | D:7      | Bought a scroll of blinking for 112 gold pieces
 10007 | D:7      | Bought a scroll of identify for 30 gold pieces
 10007 | D:7      | Bought a scroll of identify for 30 gold pieces
 10007 | D:7      | Bought a scroll of identify for 30 gold pieces
 10023 | D:7      | Noticed Maggie
 10051 | D:7      | Killed from afar by Maggie

Illustrated notes

Levels and vault maps discovered:
D:1:      ebering_trefoil_3fold, layout_loops_corners,
          shapermc_ecumenical_altar_mp_vishouse
D:2:      layout_basic, basic_altar, serial_shops, nicolae_shop_behind_doors,
          roderic_roman_lattice, uniq_natasha
D:3:      layout_basic, led_sif_book, gammafunk_temple_overflow_elements,
          uniq_jessica
D:4:      layout_basic, lemuel_coloured_pillars_altar, nicolae_shop_fire_sale
          [nicolae_sub_dead_trees], kennysheep_pointless_box
D:5:      layout_loops_ring, makhleb_grotto_becter, minmay_splitting_lines
D:6:      minmay_recursive_quarters, layout_loops_ring,
          mainiacjoe_overflow_tiny_flanked, grunt_dithmenos_smoke_and_mirrors,
          temple_statues, gup_sewer_entry_spiral
D:7:      layout_basic, kennysheep_mini_moat, gammafunk_ghost_wrathful_warriors,
          serial_shops, shop, uniq_maggie
Temple:   hellmonk_temple_forest_ring

Skill      XL: |  1  2  3  4  5  6  7  8  9 |
---------------+----------------------------+-----
Polearms       | 3 4 5 6 7 9 |  9.9
Fighting       | 3 4 5 7 |  7.0
Armour         | 2 |  2.1
Throwing       | |  1.7
Dodging        | |  2.6

Action                   |  1- 3 |  4- 6 |  7- 9 || total
-------------------------+-------+-------+-------++-------
Melee: Trident           |    67 |   202 |   363 ||   632
       Tailslap          |     3 |    20 |    45 ||    68
       Punch             |     2 |     2 |     5 ||     9
 Fire: Shortbow          |       |       |     1 ||     1
Throw: Dart              |       |     7 |       ||     7
  Use: Scroll            |       |     4 |    12 ||    16
       Potion            |       |       |     5 ||     5
 Stab: Sleeping          |     3 |     1 |       ||     4
Armor: Leather armour    |    10 |     2 |       ||    12
       Ring mail         |       |    48 |   135 ||   183
Dodge: Dodged            |    32 |    91 |   195 ||   318

Table legend: (Time is in decaauts)
 A = Elapsed time spent in this place.
 B = Non-inter-level travel time spent in this place.
 C = Inter-level travel time spent in this place.
 D = Time resting spent in this place.
 E = Time spent auto-exploring this place.
 F = Levels seen in this place.
 G = Mean time per level.
                   A        B        C        D        E       F      G
               +--------+--------+--------+--------+--------+-----+--------+
         Total |  10111 |   9692 |    419 |   3462 |   4679 |   9 | 1123.4 |
       Dungeon |   9588 |   9184 |    404 |   3341 |   4457 |   7 | 1369.7 |
        Temple |    219 |    204 |     15 |      0 |    183 |   1 |  219.0 |
         Sewer |    302 |    302 |      0 |    121 |     38 |   1 |  302.0 |
               +--------+--------+--------+--------+--------+-----+--------+

Top non-repeatable levels by time:
     D:5: 2507 daAuts
     D:3: 2114 daAuts
     D:6: 1582 daAuts
     D:2: 1369 daAuts
     D:4: 1066 daAuts
     D:1: 864 daAuts
   Sewer: 302 daAuts
  Temple: 219 daAuts
     D:7: 85 daAuts
